Cogmind - Beta 17 *** ADVENTURER MODE // 2026.08.13 @ 01:23:00 Player: Beangussy Result: Destroyed by G-47 Trooper with Particle Gun Performance ------------- Evolutions (3) 1500 Regions Visited (5) 1000 Robots Destroyed (33) 165 Value Destroyed (1114) 1114 Prototype IDs (0) 0 Alien Tech Used (0) 0 Bonus (0) 0 TOTAL SCORE: 3779 Bonus ------- None Cogmind --------- Core Integrity 0/700 Matter 28/300 Energy 98/100 System Corruption 6% Temperature Cool (9) Movement Core (50) Location -7/Factory Parts ------- > --- POWER (2) -------- (None) > --- PROPULSION (3) --- (None) > --- UTILITY (4) ------ (None) > --- WEAPON (4) ------- (None) > --- INVENTORY (5) ---- Melee Analysis Suite Peak State ------------ > --- POWER ------------ Reinforced Ion Engine Deuterium Engine > --- PROPULSION ------- Armored Treads > --- UTILITY ---------- Medium Matter Pod Medium Matter Pod Improved Light Armor Plating > --- WEAPON ----------- Ion Cannon Assault Cannon Assault Cannon Grenade Launcher > --- INVENTORY -------- Improved Deuterium Engine Melee Analysis Suite [Rating: 23] Favorites ----------- Power Light Ion Engine Engine Light Ion Engine Power Core Light Nuclear Core Propulsion Aluminum Leg Treads Armored Treads Leg Aluminum Leg Wheel Wheel Flight Unit Flight Unit Utility Medium Matter Pod Device Heat Sink Storage Medium Matter Pod Protection Medium Armor Plating Weapon Assault Cannon Energy Gun EM Shotgun Energy Cannon Ion Cannon Ballistic Gun Assault Rifle Ballistic Cannon Assault Cannon Launcher Grenade Launcher Build | -11 -10 -9 -9 -8 -7 ------- Run | Yrd Mat Mat Min Mat Fac Slots Evolved 6 | . . 2 . 2 2 Power 1 | . . . . 1 . Propulsion 1 | . . 1 . . . Utility 2 | . . 1 . . 1 Weapon 2 | . . . . 1 1 Parts Attached 30 | 5 . 5 2 6 12 Power 6 | 1 . . . 2 3 Engine 5 | 1 . . . 2 2 Core 1 | . . . . . 1 Reactor . | . . . . . . Propulsion 8 | 2 . 2 1 1 2 Treads 1 | . . . . 1 . Leg 4 | . . 2 . . 2 Wheel 2 | 2 . . . . . Hover . | . . . . . . Flight 1 | . . . 1 . . Utility 6 | . . 3 . 1 2 Device 2 | . . . . 1 1 Storage 2 | . . 2 . . . Processor . | . . . . . . Hackware . | . . . . . . Protection 2 | . . 1 . . 1 Artifact . | . . . . . . Weapon 10 | 2 . . 1 2 5 Energy Gun 2 | . . . 1 . 1 Energy Cannon 1 | . . . . . 1 Ballistic Gun 4 | 2 . . . . 2 Ballistic Cannon 2 | . . . . 2 . Launcher 1 | . . . . . 1 Special Weapon . | . . . . . . Impact Weapon . | . . . . . . Slashing Weapon . | . . . . . . Piercing Weapon . | . . . . . . Special Melee Weapon . | . . . . . . Unidentified Prototypes . | . . . . . . Parts Lost 28 | . . 3 1 5 19 Power 6 | . . . . 2 4 Propulsion 7 | . . 2 . 1 4 Utility 6 | . . 1 . 1 4 Weapon 9 | . . . 1 1 7 Highest Loss Streak 7 | . . 2 1 4 7 To Critical Strikes . | . . . . . . Average Backups 2 | 1 3 3 3 2 2 Power . | . . . 1 . . Propulsion . | 1 2 . . . . Utility . | . 1 1 1 . . Weapon . | . . 1 1 1 . Tool/Special . | . . . . . . Unused Backups 3 | . . . 2 . 1 Power 2 | . . . 2 . . Propulsion . | . . . . . . Utility 1 | . . . . . 1 Weapon . | . . . . . . Tool/Special . | . . . . . . Average Slot Usage (%) 71 | . 71 92 63 85 48 Engine 11 | . 14 11 11 16 7 Treads 3 | . . . . 5 4 Leg 6 | . . 13 11 6 2 Wheel 5 | . 28 18 . . . Flight 3 | . . . 1 9 1 Device 2 | . . . . 6 1 Storage 15 | . . 20 22 18 11 Protection 2 | . . 7 . . 2 Energy Gun 2 | . . . 9 6 . Ballistic Gun 7 | . 28 22 8 . 2 Ballistic Cannon 7 | . . . . 16 8 Peak Build Rating 23 | 5 5 10 7 19 23 Average Rating 12 | 3 5 9 6 16 14 On Entrance 6 | . 5 5 6 7 14 Avg Prop Armor Cover (%) 6 | . . 8 8 3 2 Naked Turns 7 | . . . . . 7 Heaviest Build 45 | 6 6 17 12 31 45 Greatest Support 20 | 20 20 20 10 20 20 Greatest Overweight (x) 10 | . . 5 3 2 10 Average Overweight (x) . | . . . 2 1 . Largest Inventory Capacity 5 | 5 5 5 5 5 5 Average Capacity 5 | 5 5 5 5 5 5 Most Carried 5 | 4 4 5 5 4 5 Average Carried 2 | 1 3 3 3 2 2 Final Capacity 5 | 5 5 5 5 5 5 Final Carried 4 | 3 4 4 3 3 1 Class Distribution -------------------- 62% | Mutant 19% | Gunner 10% | Tank 8% | Scavenger-Mutant Dominant Class ---------------- Mutant | -10/Materials Mutant | -9/Materials Mutant | -9/Mines Gunner | -8/Materials Mutant | -7/Factory Resources | -11 -10 -9 -9 -8 -7 ----------- Run | Yrd Mat Mat Min Mat Fac Matter Collected 725 | 254 . 296 67 86 22 Remotely . | . . . . . . Salvage Created 1109 | 47 . 330 56 220 456 Parts 60 | 2 . 19 5 15 19 Haulers Intercepted . | . . . . . . Recyclers Shooed 3 | . . . . . 3 Parts Field Recycled . | . . . . . . Retrieved Matter . | . . . . . . Parts Self-Destructed . | . . . . . . Prevented . | . . . . . . Parts Restored . | . . . . . . Kills | -11 -10 -9 -9 -8 -7 ------- Run | Yrd Mat Mat Min Mat Fac Combat Hostiles Destroyed 30 | 1 . 6 3 8 12 Guns 18 | 1 . 6 3 1 7 Cannons 12 | . . . . 7 5 Classes Destroyed 8 | 1 . 3 1 1 2 Tunneler 1 | . . 1 . . . Recycler 1 | . . . . . 1 Watcher 1 | . . 1 . . . Swarmer 10 | . . . 3 3 4 Grunt 12 | 1 . 3 . 2 6 Brawler 1 | . . . . 1 . Sentry 6 | . . 3 . 2 1 Programmer 1 | . . . . . 1 Best Kill Streak 5 | 1 . 2 3 5 5 Combat Bots Only 5 | 1 . 2 3 5 4 Max Kills in Single Turn 2 | 1 . 1 2 1 1 Gunslinging 1 | . . . 1 . . Exploded . | . . . . . . Melee . | . . . . . . Uniques/NPCs Destroyed . | . . . . . . Combat | -11 -10 -9 -9 -8 -7 -------- Run | Yrd Mat Mat Min Mat Fac Hostile Shots Fired 337 | 1 . 79 6 41 210 Missed 83 | 1 . 28 1 7 46 Hits 254 | . . 51 5 34 164 Melee 1 | . . . . 1 . Projectile 253 | . . 51 5 33 164 Critical Strikes 7 | . . 1 . 1 5 Damage Taken 2984 | . . 599 21 355 2009 Core 816 | . . 83 8 14 711 Absorbed by Shields . | . . . . . . Ignored by Resistances 853 | . . 178 10 105 560 Core Remaining (%) 93 | 100 100 . 77 97 . Volleys Fired 100 | 1 . 28 4 15 52 Largest 4 | 2 . 2 2 3 4 Hottest 164 | 40 . 40 65 119 164 Shots Fired 170 | 2 . 56 6 32 74 Gun 99 | 2 . 56 6 2 33 Cannon 69 | . . . . 30 39 Launcher 2 | . . . . . 2 Special . | . . . . . . Kinetic 143 | 2 . 56 2 30 53 Thermal 16 | . . . . . 16 Explosive 2 | . . . . . 2 Electromagnetic 9 | . . . 4 2 3 Robot Hit Streak 21 | 2 . 21 4 6 11 Robot Miss Streak 12 | . . 2 1 2 12 Penetration Max . | . . . . . . Secondary Targets 2 | . . 1 1 . . Max Gunslinging Chain 1 | . . 1 1 . . Shots Hit Robots 122 | 2 . 42 5 18 55 Core Hits 78 | 2 . 17 4 10 45 Critical Kills 1 | . . . 1 . . Critical Parts Destroyed 1 | . . 1 . . . Critical Strikes 2 | . . 1 1 . . Destroy 2 | . . 1 1 . . Melee Attacks . | . . . . . . Impact . | . . . . . . Slashing . | . . . . . . Piercing . | . . . . . . Sneak Attacks . | . . . . . . Combat Hostiles . | . . . . . . Follow-up Attacks . | . . . . . . Damage Inflicted 2192 | 23 . 463 64 417 1225 Guns 1165 | 23 . 457 64 17 604 Cannons 995 | . . . . 400 595 Explosions 26 | . . . . . 26 Melee . | . . . . . . Ramming 6 | . . 6 . . . Kinetic 1752 | 23 . 457 15 400 857 Thermal 290 | . . . . . 290 Explosive 26 | . . . . . 26 Electromagnetic 118 | . . . 49 17 52 Impact . | . . . . . . Slashing . | . . . . . . Piercing . | . . . . . . Highest Corruption 6 | . . . . 2 6 Average Corruption 4 | . . . . 2 5 Corruption Purged . | . . . . . . Corruption Blocked . | . . . . . . Effects 10 | . . . . 1 9 Message Errors 2 | . . . . . 2 Matter Fused 6 | . . . . . 6 Heat Flow Errors 1 | . . . . 1 . Data Loss (minor) 1 | . . . . . 1 Overload Shots . | . . . . . . Overflow Damage 29 | . . . . 11 18 Projectiles 29 | . . . . 11 18 Explosions . | . . . . . . Melee . | . . . . . . Knockbacks 1 | . . . . . 1 Impact . | . . . . . . Kinetic 1 | . . . . . 1 Secondary . | . . . . . . Self-Inflicted Damage 16 | . . . . . 16 Shots 1 | . . . . . 1 Rammed . | . . . . . . Targets Rammed 1 | . . 1 . . . Kicked 1 | . . 1 . . . Crushed . | . . . . . . Highest Temperature 665 | . . 27 . 255 665 Average Temperature 184 | . . 11 . 92 278 Received Heat Transfer 1413 | . . 372 . 162 879 Effects 19 | . . . . . 19 Shutdowns 6 | . . . . . 6 Energy Bleed 2 | . . . . . 2 Matter Decay 1 | . . . . . 1 Short Circuit 1 | . . . . . 1 Damage (minor) 2 | . . . . . 2 Damage (major) 6 | . . . . . 6 Damage (core) 1 | . . . . . 1 Siege Activations . | . . . . . . Martial Activations . | . . . . . . Shielding Activations . | . . . . . . Robots Disrupted . | . . . . . . Combat Hostiles . | . . . . . . Robots Corrupted . | . . . . . . Combat Hostiles . | . . . . . . Parts Fried . | . . . . . . Impact Corruptions . | . . . . . . Robots Melted . | . . . . . . Combat Hostiles . | . . . . . . Parts Melted . | . . . . . . Heat Transferred 444 | . . . . . 444 Parts Sabotaged . | . . . . . . Parts Stolen . | . . . . . . Parts Stripped . | . . . . . . Power Chain Reactions . | . . . . . . Alert | -11 -10 -9 -9 -8 -7 ------- Run | Yrd Mat Mat Min Mat Fac Maximum Alert Level . | . . . . . . Low Security (%) 100 | 100 100 100 100 100 100 Level 1 . | . . . . . . Level 2 . | . . . . . . Level 3 . | . . . . . . Level 4 . | . . . . . . Level 5 . | . . . . . . High Security . | . . . . . . Max Security . | . . . . . . Peak Influence 93 | 10 15 30 50 93 90 Initial 20 | . 5 5 . 13 20 Average 18 | 1 1 6 10 24 25 Influence Increases 880 | 20 15 162 60 216 407 Destroy 0b10 Robot/C 600 | 20 . 120 60 160 240 Destroy 0b10 Robot/NC 15 | . . 10 . . 5 Destroy Leader 122 | . . 32 . 40 50 Successful Hack 48 | . . . . . 48 Disable Machine 27 | . . . . 9 18 Destroy Structure 23 | . . . . 7 16 Partial Spotted 15 | . 15 . . . . Lose Combat Pursuer 30 | . . . . . 30 Influence Decreases 860 | 10 10 177 20 203 440 Entered New Map 75 | . 5 10 . 27 33 Time Decay 565 | 10 5 145 10 146 249 Lost Part 220 | . . 22 10 30 158 Squads Dispatched 4 | . . . . . 4 Investigation 1 | . . . . . 1 Extermination 1 | . . . . . 1 Reinforcement 2 | . . . . . 2 Assault . | . . . . . . Garrison . | . . . . . . Intercept . | . . . . . . Searches Triggered . | . . . . . . Construction Impeded . | . . . . . . Haulers Reinforced . | . . . . . . Active Scanning Responses . | . . . . . . Cargo Convoy Interrupts . | . . . . . . Stealth | -11 -10 -9 -9 -8 -7 --------- Run | Yrd Mat Mat Min Mat Fac Distress Signals 3 | . . 2 . . 1 Communications Jammed . | . . . . . . Distress Signals . | . . . . . . Times Spotted 44 | 1 . 10 4 9 20 Peak Tracking Total 4 | 1 . 4 3 2 4 Tactical Retreats 1 | . . . . . 1 Traps | -11 -10 -9 -9 -8 -7 ------- Run | Yrd Mat Mat Min Mat Fac Traps Triggered 2 | . . 1 . . 1 Indirectly . | . . . . . . Trap Hack Attempts . | . . . . . . Triggered . | . . . . . . Disarmed . | . . . . . . Reprogrammed . | . . . . . . Reused . | . . . . . . Traps Extracted . | . . . . . . Installed . | . . . . . . Triggered . | . . . . . . Machines | -11 -10 -9 -9 -8 -7 ---------- Run | Yrd Mat Mat Min Mat Fac Machines Disabled 3 | . . . . 1 2 Max in Single Turn 1 | . . . . 1 1 Machines Repaired . | . . . . . . Machines Dismantled . | . . . . . . Machines Sabotaged . | . . . . . . Overloaded Fab Kills . | . . . . . . Hacking | -11 -10 -9 -9 -8 -7 --------- Run | Yrd Mat Mat Min Mat Fac Machines Accessed 4 | . . 2 . 1 1 Terminals 4 | . . 2 . 1 1 Fabricators . | . . . . . . Repair Stations . | . . . . . . Recycling Units . | . . . . . . Scanalyzers . | . . . . . . Garrison Access . | . . . . . . Total Hacks 10 | . . 5 . 2 3 Successful 5 | . . 2 . 1 2 Failed 5 | . . 3 . 1 1 Catastrophic . | . . . . . . Database Lockouts . | . . . . . . Manual 3 | . . 2 . 1 . Terminals 10 | . . 5 . 2 3 Fabricators . | . . . . . . Repair Stations . | . . . . . . Recycling Units . | . . . . . . Scanalyzers . | . . . . . . Garrison Access . | . . . . . . Terminal Hacks 5 | . . 2 . 1 2 Record 1 | . . 1 . . . Reinforcement Status 1 | . . . . 1 . Recall Assault 1 | . . . . . 1 Zone Layout 2 | . . 1 . . 1 Fabricator Hacks . | . . . . . . Repair Station Hacks . | . . . . . . Recycling Unit Hacks . | . . . . . . Scanalyzer . | . . . . . . Garrison Access Hacks . | . . . . . . Unauthorized Hacks . | . . . . . . Terminals . | . . . . . . Fabricators . | . . . . . . Repair Stations . | . . . . . . Recycling Units . | . . . . . . Scanalyzers . | . . . . . . Garrison Access . | . . . . . . Data Cores Recovered . | . . . . . . Used . | . . . . . . Hacking Detections 3 | . . 1 . 1 1 Full Trace Events 1 | . . . . . 1 Feedback Events . | . . . . . . Feedback Blocked . | . . . . . . Robot Schematics Acquired . | . . . . . . Robots Built . | . . . . . . Authchips . | . . . . . . Time . | . . . . . . Total Robot Build Rating . | . . . . . . Part Schematics Acquired . | . . . . . . Parts Built . | . . . . . . Authchips . | . . . . . . Time . | . . . . . . Total Part Build Rating . | . . . . . . Part Studies Acquired . | . . . . . . Parts Repaired . | . . . . . . Time . | . . . . . . Parts Recycled . | . . . . . . Recycled Matter . | . . . . . . Retrieved Matter . | . . . . . . Retrieved Components . | . . . . . . Parts Scanalyzed . | . . . . . . Part Schematics Acquired . | . . . . . . Parts Damaged . | . . . . . . Bothacking | -11 -10 -9 -9 -8 -7 ------------ Run | Yrd Mat Mat Min Mat Fac Used RIF Installer . | . . . . . . Robots Hacked . | . . . . . . Non-combat . | . . . . . . Combat . | . . . . . . Robot Hacks Applied . | . . . . . . Relay Couplers Released . | . . . . . . Fabnet Peak Effective % . | . . . . . . Robots Rewired . | . . . . . . Allies Hacked . | . . . . . . Hacks Repelled . | . . . . . . Allies | -11 -10 -9 -9 -8 -7 -------- Run | Yrd Mat Mat Min Mat Fac Total Allies . | . . . . . . Largest Group . | . . . . . . Highest-Rated Group . | . . . . . . Highest-Rated Ally . | . . . . . . Total Orders . | . . . . . . Ally Attacks . | . . . . . . Total Damage . | . . . . . . Kills . | . . . . . . Allies Corrupted . | . . . . . . Allies Melted . | . . . . . . Intel | -11 -10 -9 -9 -8 -7 ------- Run | Yrd Mat Mat Min Mat Fac Active Infowar (turns) . | . . . . . . Robot Analysis Total . | . . . . . . Derelict Logs Recovered . | . . . . . . Drone Launches . | . . . . . . Drone Recoveries . | . . . . . . Exploration | -11 -10 -9 -9 -8 -7 ------------- Run | Yrd Mat Mat Min Mat Fac Turns Passed 2079 | 68 68 514 87 551 791 Spaces Moved 1013 | 73 84 278 39 198 341 Core 133 | 19 . 15 32 . 67 Treads 265 | . . . . 113 152 Legs 409 | . . 195 7 85 122 Wheels 206 | 54 84 68 . . . Hover . | . . . . . . Flight . | . . . . . . Fastest Speed 50 | 50 80 80 120 190 50 Average Speed 172 | 72 80 149 181 250 190 Slowest Speed 550 | 80 80 300 200 260 550 Overloaded Moves . | . . . . . . Propulsion Burnouts . | . . . . . . Robots Hopped . | . . . . . . Potential Cave-ins . | . . . . . . Cave-ins Triggered . | . . . . . . Exploration Rate (%) 17 | 7 18 31 13 24 9 Regions Visited 5 Branch Regions 1 Pre-discovered Areas . | . . . . . . Known Exits Taken . | . . . . . . Unknown Exits Taken 5 | 1 1 1 1 1 . Scrap Searched . | . . . . . . Spaces Dug . | . . . . . . Terrain Destroyed 19 | . . . . 5 14 Melee . | . . . . . . Projectile 7 | . . . . 5 2 AOE 12 | . . . . . 12 Terrain Rammed . | . . . . . . Walls Destroyed . | . . . . . . Machines Disabled . | . . . . . . Actions | -11 -10 -9 -9 -8 -7 --------- Run | Yrd Mat Mat Min Mat Fac Total 1186 | 86 84 326 50 224 416 Wait 10 | . . 8 . . 2 Move 1008 | 72 83 277 38 197 341 Hop . | . . . . . . Pick Up 32 | 8 1 5 3 6 9 Fast Attach 1 | . . . . . 1 Attach 28 | 5 . 4 2 6 11 Detach . | . . . . . . Swap 2 | . . 2 . . . Drop 4 | . . 1 3 . . Fire 100 | 1 . 28 4 15 52 Melee . | . . . . . . Ram . | . . . . . . Kick 1 | . . 1 . . . Crush . | . . . . . . Escape Stasis . | . . . . . . Rewire . | . . . . . . Trap . | . . . . . . Miscellaneous . | . . . . . . Route ------- -11/Scrapyard -10/Materials (discovered 2 exits: *Mat / [*Min]) -9/Materials -9/Mines -8/Materials -7/Factory History --------- Turn | Location | Event 2 | -11/Scrapyard | Met Revision 17 54 | -11/Scrapyard | Discovered new exit (range 8) 69 | -11/Scrapyard | Entered Materials 127 | -10/Materials | Discovered new exit (range 11) 128 | -10/Materials | Discovered new exit (range 16) 137 | -10/Materials | Entered another Materials area 137 | -9/Materials | Evolved 2 slots: Propulsion x1, Utility x1 316 | -9/Materials | Build established: Mutant 537 | -9/Materials | Discovered new exit (range 11) 651 | -9/Materials | Entered Mines 669 | -9/Mines | Met a Derelict bent on vengeance 708 | -9/Mines | Discovered new exit (range 8) 738 | -9/Mines | Entered Materials 738 | -8/Materials | Evolved 2 slots: Power x1, Weapon x1 1076 | -8/Materials | Build established: Gunner 1198 | -8/Materials | Lost 4 parts (1p1n1u1w) 1267 | -8/Materials | Discovered new exit (range 10) 1289 | -8/Materials | Entered Factory 1289 | -7/Factory | Evolved 2 slots: Utility x1, Weapon x1 1455 | -7/Factory | Build established: Mutant 1783 | -7/Factory | Lost 4 parts (1p3w) 1820 | -7/Factory | Core integrity fell below 50% 1851 | -7/Factory | Lost 7 parts (2p1n2u2w) 2052 | -7/Factory | Core integrity fell below 20% 2080 | -7/Factory | Destroyed by G-47 Trooper with Particle Gun Last Messages --------------- R-06 Scavenger destroyed. Imp. Heat Sink destroyed. S-27 Virus destroyed. R-06 Scavenger collects VTOL Module. System corrupted: Matter fused (-7). Aluminum Leg destroyed. S-27 Virus destroyed. K-01 Serf collects debris. S-27 Virus destroyed. R-06 Scavenger collects Tractor Beam. Acquired 22 matter. R-06 Scavenger distress signal alerts nearby ally. >3KL> IKASH QJ8P/VSYYF:TWAST6CT:CI Flak Gun destroyed. Med. Matter Pod destroyed. Acquired Autogun. R-06 Scavenger collects Lgt. Nuclear Core. Lgt. Nuclear Core destroyed. Autogun destroyed. Map ----- +----------------------------------------------------+ | | | | | | | | | | | | | | | | | | | | | | | | | | | | | | | | | | | | | | | | | ????????????????????#############????????????????? | | ??????????????????? #????????????????? | | ??????????????????" """ """ """ #????????????????? | | ??????????????????" """ """ """ #????????######### | | ??????????????# """ """ """ """ #????????# # | | ??????????????# @ ########## | | ??????????????# r ## | | ??????????????# r /g " | | ??????????????#########+##########g * u | | ?????????????????????????????????#%= ##### | | ???????????????????# ####### %#???# # | | ???????????????????# % #???####/#### | | ????????????????????? " #??????? ?? | | ???????????????????? #???????""""? | | ???????????????????? ##/########???????"""" | | ???????????????????? ??# ????????????????"""" | | ?????????????????????? ????#?????????????????"""" | | ?????????????????????????????????????????????????? | | ?????????????????????????????????????????????????? | | ?????????????????????????????????????????????????? | | ?????????????????????????????????????????????????? | | ?????????????????????????????????????????????????? | | ?????????????????????????????????????????????????? | | ???????????????????????????????????#########?????? | | ???????????????????????????????????# #?????? | | ???????????????????????????????????# #?????? | | ???????????????????????????????????# #?????? | | ???????????????????????????????????# ####### | | ???????????????????????????????????# # | | ???????????????????????????????????# # "" | +----------------------------------------------------+ Best States ------------- Heat Dissipation 48 Energy Generation 23 Energy Capacity 455 Matter Stores 500 Matter Capacity 500 Sight Range 16 Terrain Scan Density 10 Armor Coverage 225 Resistance: KI 20 Resistance: TH 20 Resistance: EX 20 Resistance: EM 20 Resistance: I 20 Resistance: S 20 Resistance: P 20 Evasion (%) 55 Recoil Reduction 1 Offensive Hacking 10 Item Schematics ----------------- None Robot Schematics ------------------ None Fabricated ------------ Nothing Repaired ---------- Nothing Studied --------- None Alien Tech Used ----------------- None Achievements -------------- DATA ERROR: Steam Global Achievement% For Emergencies Only I Have A Map? Made in Tau Ceti IV One Hack Too Far Storm Trooper Well Done Challenges ------------ None Game ------ Seed BiometalRestorationStatue Manual? 0 Play Time 00:22:39 Cumulative 0.7 hours Start 2026.08.13 @ 00:08:09 End 2026.08.13 @ 01:23:00 Sessions 1 Manual Loads 0 Difficulty Adventurer Special Mode None Game No. 2 Rogue 0 Adventurer 2 Explorer 0 Win Type - Total 0 Types 0/0/0/0/0/0/0/0/0/0 Lore% 0 Gallery% 2 Achievement% 3 Wizard Run 0 Options --------- Layout 1 ASCII 0 Keyboard 0 Movement Mouse Keybinds 0 Fullscreen 1 Font 48/Smallcaps Map View 50x35 Zoom Use 0% Tactical HUD 0 Map Filters NONE Filters NONE Steam 1 RUN: 6803417b-d00a-4c83-a930-7a09efccd497